 Dungeon Crawl Stone Soup version 0.21-a0-273-g0785366 (webtiles) character file.

4445 nikopol the Thaumaturge (level 10, -14/52 HPs)
             Began as a Deep Elf Fire Elementalist on Sept 17, 2017.
             Was an Elder of Sif Muna.
             Killed from afar by Erica (20 damage)
             ... with an orb of energy
             ... on level 8 of the Dungeon.
             The game lasted 00:48:44 (11410 turns).

nikopol the Thaumaturge (DEFE)                     Turns: 11410, Time: 00:48:44

Health: -14/52     AC:  3    Str:  5    XL:     10   Next: 15%
Magic:  2/27       EV: 13    Int: 24    God:    Sif Muna [****..]
Gold:   168        SH:  0    Dex: 15    Spells: 21/32 levels left

rFire    + . .     SeeInvis .   P - +2 dagger (elec)
rCold    . . .     Gourm    .   (no shield)
rNeg     . . .     Faith    .   a - +0 robe
rPois    .         Spirit   .   M - +0 helmet (curse)
rElec    .         Reflect  .   (no cloak)
rCorr    .         Harm     .   (no gloves)
MR       +....                  (no boots)
Stlth    +++.......             (no amulet)
HPRegen  0.17/turn              s - ring of protection from fire
MPRegen  0.20/turn              (no ring)

@: slowed, very slow
A: no striking features
a: Divine Energy, Channel Magic, Forget Spell, Renounce Religion


You were on level 8 of the Dungeon.
You worshipped Sif Muna.
Sif Muna was greatly pleased with you.
You were hungry.

You visited 2 branches of the dungeon, and saw 9 of its levels.

You collected 408 gold pieces.
You spent 240 gold pieces at shops.

Inventory:

Hand Weapons
 e - a +0 dagger
 n - a +4 short sword
 p - a cursed -3 flail
 G - a +3 dagger of venom
 P - a +2 dagger of electrocution (weapon)
Armour
 a - a +0 robe (worn)
 M - a cursed +0 helmet (worn)
Jewellery
 s - a ring of protection from fire (left hand)
 C - the amulet of Dyuteen {Faith rElec Slay+2, unknown}
   (You found it on level 6 of the Dungeon)

   [amulet of faith]

   It allows you to gain divine favour quickly.
   It affects your accuracy and damage with ranged weapons and melee attacks
   (+2).
   It insulates you from electricity.
 D - an uncursed amulet of the gourmand {unknown}
 F - a cursed ring of ice {unknown}
 N - an uncursed ring of fire {unknown}
Wands
 H - a wand of flame (29/48)
 K - a wand of lightning (2/15)
Scrolls
 d - 4 scrolls of noise {unknown}
 g - 3 scrolls of random uselessness {unknown}
 h - 2 scrolls of recharging {unknown}
 l - 4 scrolls of identify
 m - 3 scrolls of magic mapping {unknown}
 o - a scroll of fear {unknown}
 r - a scroll of immolation {unknown}
 u - 4 scrolls of enchant armour
 v - 3 scrolls of remove curse
 y - a scroll of teleportation {unknown}
 B - 2 scrolls of amnesia {unknown}
 I - a scroll of fog {unknown}
Potions
 j - 2 potions of haste {unknown}
 k - 2 potions of lignification {unknown}
 q - 4 potions of agility {unknown}
 t - 2 potions of heal wounds {unknown}
 w - a potion of degeneration {unknown}
 z - a potion of flight {unknown}
 A - a potion of cancellation {unknown}
 E - a potion of berserk rage {unknown}
 J - a potion of curing {unknown}
 L - a potion of resistance {unknown}
 O - a potion of brilliance {unknown}
Books
 b - a book of Flames

   Spells                             Type                      Level
   a - Flame Tongue                   Conjuration/Fire             1
   b - Throw Flame                    Conjuration/Fire             2
   c - Conjure Flame                  Conjuration/Fire             3
   d - Inner Flame                    Hexes/Fire                   3
   e - Sticky Flame                   Conjuration/Fire             4
   f - Fireball                       Conjuration/Fire             5
Comestibles
 c - 5 bread rations
 f - 15 fruits
 i - 8 royal jellies
 x - 4 meat rations
 Q - 7 chunks of flesh


   Skills:
 + Level 1.5 Fighting
 + Level 1.3 Short Blades
 + Level 3.3 Dodging
 + Level 4.7 Stealth
 + Level 11.6 Spellcasting
 + Level 8.1 Conjurations
 + Level 9.4 Fire Magic


You had 21 spell levels left.
You knew the following spells:

 Your Spells              Type           Power        Failure   Level  Hunger
a - Flame Tongue          Conj/Fire      #####        1%          1    None
b - Throw Flame           Conj/Fire      ######       1%          2    None
c - Conjure Flame         Conj/Fire      ######..     1%          3    None
d - Fireball              Conj/Fire      ######....   3%          5    ###....


Dungeon Overview and Level Annotations

Branches:
Dungeon (8/15)             Temple (1/1) D:4            Lair (0/6) D:8

Altars:
Ashenzari
Cheibriados
Fedhas
Gozag
Hepliaklqana
Kikubaaqudgha
Makhleb
Nemelex Xobeh
Okawaru
Qazlal
Ru
Sif Muna
Trog
Uskayaw
Vehumet
Wu Jian
Xom
Zin

Shops:
D:7 ?

Annotations:
D:2 Natasha
D:8 Erica


Message History

Erica casts a spell at you. The orb of energy hits you!
* * * LOW HITPOINT WARNING * * *
The orb of energy explodes!
Casting: Fireball
Confirm with . or Enter, or press ? or * to list all spells.
Aiming: Fireball
Press: ? - help, Shift-Dir - straight line, f/p - Erica
Aim: Erica, wielding a scimitar of flaming and wearing a robe (heavily wounded, unusually strong)
The fireball explodes!
The fireball engulfs Erica.
Erica is severely wounded.
Erica casts a spell at you.
You feel as though you will be slow longer.
Erica mumbles some strange words.
Erica flickers and vanishes!
Deactivating autopickup; reactivate with Ctrl-A.
Items here: )))) [[ ÷÷ An orb of energy appears from out of thin air!
The orb of energy hits you!
You die...

######......#....≈§..≈....#
#...........#....≈§.≈§....#
#.####....###........§....#
####.# #....# #..)..........#
'..#.######### #.......[...?.#
#.)#...## #......@......#
##'###..####### #(#
P≈.#..........###### #.####.##
≈≈P#.########...@.)###........
P≈≈#.# ######...§{.......
.≈P#.# ######......< ≈PP#.#
####### ####.# .....# ######


There were no monsters in sight!

Vanquished Creatures
  A hydra (D:8)
  2 dream sheep (D:8)
  2 yaks (D:8)
  Duvessa (D:7)
  3 sky beasts
  A black bear (D:7)
  2 ice beasts (D:7)
  3 phantoms
  A necrophage (D:8)
  2 centaurs
  9 big kobolds
  A bullfrog (D:7)
  4 scorpions
  Dowan (D:7)
  2 howler monkeys (D:4)
  3 jellies
  A bullfrog zombie (D:6)
  A crimson imp (D:7)
  2 orc priests
  3 hounds
  A centaur skeleton (D:6)
  2 iguanas
  3 orc wizards
  5 worker ants
  2 gnolls (D:4)
  13 adders
  2 shadow imps (D:8)
  10 oozes
  2 adder skeletons (D:4)
  3 worms (D:2)
  A dart slug (D:2)
  3 leopard geckos
  19 orcs
  6 bats
  4 giant cockroaches
  10 hobgoblins
  13 jackals
  5 quokkas
  A ball python (D:4)
  6 frilled lizards
  7 goblins
  53 kobolds
  A leopard gecko skeleton (D:6)
  10 rats
227 creatures vanquished.

Vanquished Creatures (others)
  4 fungi (D:3)
  8 toadstools (D:3)
12 creatures vanquished.

Grand Total: 239 creatures vanquished

Notes
Turn   | Place    | Note
-------+----------+-------------------------------------------
     0 | D:1      | nikopol the Deep Elf Fire Elementalist began the quest for the Orb.
     0 | D:1      | Reached XP level 1. HP: 10/10 MP: 6/6
   434 | D:1      | Reached XP level 2. HP: 15/15 MP: 6/8
   985 | D:2      | Learned a level 2 spell: Throw Flame
  1083 | D:2      | Reached XP level 3. HP: 19/19 MP: 2/10
  1331 | D:2      | Noticed Natasha
  1510 | D:1      | Learned a level 3 spell: Conjure Flame
  1913 | D:2      | Reached skill level 4 in Spellcasting
  1930 | D:2      | Reached XP level 4. HP: 12/24 MP: 0/12
  3092 | D:3      | Reached XP level 5. HP: 28/28 MP: 4/13
  3659 | D:3      | Reached XP level 6. HP: 25/32 MP: 5/15
  3793 | D:2      | Learned a level 5 spell: Fireball
  4040 | D:3      | Reached skill level 5 in Fire Magic
  4228 | D:3      | Reached skill level 5 in Spellcasting
  4932 | D:4      | Reached skill level 6 in Spellcasting
  4932 | D:4      | Reached XP level 7. HP: 27/36 MP: 7/18
  5174 | D:4      | Found a glowing silver altar of Zin.
  5306 | D:4      | Found a staircase to the Ecumenical Temple.
  5313 | Temple   | Entered the Ecumenical Temple
  5324 | Temple   | Became a worshipper of Sif Muna the Loreminder
  5757 | D:4      | Reached skill level 5 in Conjurations
  5937 | D:4      | Reached skill level 7 in Spellcasting
  6066 | D:4      | Reached XP level 8. HP: 41/41 MP: 16/20
  6171 | D:4      | Reached * piety under Sif Muna
  6820 | D:5      | Entered Level 5 of the Dungeon
  7048 | D:5      | Reached skill level 8 in Spellcasting
  7979 | D:6      | Got a clouded ivory amulet
  8019 | D:6      | Reached ** piety under Sif Muna
  8548 | D:6      | Reached skill level 9 in Spellcasting
  8678 | D:6      | Found an opulent altar of Gozag.
  8738 | D:6      | Found a hazy altar of Hepliaklqana.
  9318 | D:7      | Noticed Dowan
  9320 | D:7      | Noticed Duvessa
  9325 | D:7      | Reached XP level 9. HP: 46/46 MP: 8/24
  9327 | D:7      | Killed Dowan
  9329 | D:7      | Killed Duvessa
  9551 | D:7      | Reached skill level 10 in Spellcasting
  9798 | D:7      | Found an iron altar of Okawaru.
 10126 | D:7      | Found a burning altar of Makhleb.
 10179 | D:7      | Reached *** piety under Sif Muna
 10557 | D:7      | Found Owujis's Magic Scroll Boutique.
 10591 | D:7      | Bought a scroll of enchant armour for 90 gold pieces
 10591 | D:7      | Bought a scroll of identify for 24 gold pieces
 10591 | D:7      | Bought a scroll of remove curse for 36 gold pieces
 10591 | D:7      | Bought a scroll of enchant armour for 90 gold pieces
 10730 | D:7      | Found a radiant altar of Vehumet.
 10761 | D:8      | Reached skill level 1 in Fighting
 10805 | D:8      | Found a sparkling altar of Nemelex Xobeh.
 10830 | D:8      | Found a staircase to the Lair.
 10998 | D:8      | Reached skill level 1 in Short Blades
 11005 | D:8      | Reached skill level 11 in Spellcasting
 11134 | D:8      | Noticed a three-headed hydra
 11142 | D:8      | Killed a three-headed hydra
 11142 | D:8      | Reached **** piety under Sif Muna
 11142 | D:8      | Reached XP level 10. HP: 52/52 MP: 13/27
 11389 | D:8      | Noticed Erica
 11410 | D:8      | Killed from afar by Erica

Vault maps used:
D:1:      denvon_arrival_planthouse
D:2:      uniq_natasha
D:3:      cheibrodos_fertilizer, first_bread
D:4:      minmay_goblin_kobold_castle, overflow_temple_1_default,
          minmay_temple_entry_statues
D:5:      serial_co_window_serial, co_window_paths_a,
          co_window_of_opportunity_a, co_window_corner_a, co_window_paths_b,
          co_window_paths_a, co_window_corner_b, co_window_broadway_b,
          co_window_of_opportunity_c, co_window_sun, glass_columns_c,
          glass_columns_a, glass_columns_a, glass_columns_a, glass_columns_a
D:6:      nicolae_gozag_seed_capital, lemuel_doored_altar
D:7:      grunt_temple_overflow_lords_of_destruction, marbit_many_paths,
          serial_shops, shop_scrolls, uniq_duvessa
D:8:      overflow_temple_1_default, grunt_temple_overflow_open,
          minmay_lair_entry_lava, basic_altar, hangedman_ranch,
          kennysheep_generic_room_2, uniq_erica
Temple:   cyrus_circular_temple

Skill      XL: |  1  2  3  4  5  6  7  8  9 |
---------------+----------------------------+-----
Fire Magic     | 4 5 6 7 9 |  9.4
Stealth        | 3 4 |  4.7
Spellcasting   | 4 6 7 9 11 | 11.6
Conjurations   | 2 3 4 5 6 8 |  8.1
Fighting       | 1 |  1.5
Short Blades   | 1 |  1.3
Dodging        | 3 |  3.3

Action                   |  1- 3 |  4- 6 |  7- 9 | 10-12 || total
-------------------------+-------+-------+-------+-------++-------
Melee: Dagger            |       |       |    28 |       ||    28
 Cast: Flame Tongue      |    79 |   117 |   264 |    26 ||   486
       Throw Flame       |     2 |    13 |    36 |     3 ||    54
       Conjure Flame     |     1 |     5 |    14 |     2 ||    22
       Fireball          |       |       |     8 |     2 ||    10
  Eat: Chunk             |     3 |     9 |    18 |     1 ||    31
       Fruit             |       |       |     2 |       ||     2
Armor: Robe              |     7 |     2 |    11 |       ||    20
Dodge: Dodged            |    27 |    13 |    63 |     2 ||   105

Table legend:
 A = Spawn XP
 B = Non-spawn XP
 C = Spawn XP percentage of total XP
 D = Spawn monster count
 E = Non-spawn monster count
 F = Spawn count percentage of total count
 G = Total turns spent on level
                    A         B        C        D         E        F      G
               +---------+---------+-------+---------+---------+-------+---------
         Total |       0 |    6351 |   0.0 |       0 |     227 |   0.0 | 11410
               +---------+---------+-------+---------+---------+-------+---------
           D:1 |       0 |      20 |   0.0 |       0 |      15 |   0.0 |  1285
           D:2 |       0 |      92 |   0.0 |       0 |      25 |   0.0 |  1451
           D:3 |       0 |     321 |   0.0 |       0 |      51 |   0.0 |  1711
           D:4 |       0 |    1245 |   0.0 |       0 |      69 |   0.0 |  2350
           D:5 |       0 |     348 |   0.0 |       0 |       9 |   0.0 |  1079
           D:6 |       0 |     465 |   0.0 |       0 |      10 |   0.0 |  1094
           D:7 |       0 |    1226 |   0.0 |       0 |      24 |   0.0 |  1762
           D:8 |       0 |    2634 |   0.0 |       0 |      24 |   0.0 |   655
               +---------+---------+-------+---------+---------+-------+---------
